AoeStats
← Dani_AOE2

MegaRandom

507150174Analyzed
4v4 RM · 15d ago on Sep 16, 2026· 26m 21s· 8 players
Game mode
Random Map
Map size
Large (8 player)
Population
200
Speed
Normal
Resources
Standard
Victory
Conquest
Starting age
Dark Age
Ending age
Imperial Age
RankedLock teamsTeams togetherTeam positionsShared explorationLock speedFull tech treeHidden civsTurbo modeCheats
Victory
Defeat
🇵🇱 Mongols · Poland
1495
+16
🇩🇪 Ethiopians · Germany
1488
+16
🇺🇸 Hindustanis · United States
1485
+17
🇺🇸 Italians · United States
1440
+18
🇬🇪 Mongols · Georgia
1508
-17
🇹🇷 Khmer · Türkiye
1505
-17
🇳🇱 Mongols · Netherlands
1497
-17
🇫🇷 Persians · France
1477
-16
Schmandl
5:32 Loom
10:40 Feudal Age
12:12 Horse Collar
17:33 Fletching
24:30 Castle Age
22:54 Padded Archer Armor
22:55 Double-Bit Axe
23:56 Gold Mining
24:37 Crossbowman
25:13 Bodkin Arrow
26:50 Ballistics
Gasior
5:27 Loom
11:00 Feudal Age
12:09 Double-Bit Axe
12:52 Horse Collar
16:44 Forging
18:55 Wheelbarrow
22:36 Gold Mining
24:57 Castle Age
23:17 Fletching
24:43 Bloodlines
26:19 Bodkin Arrow
The Bloody-Nine
8:28 Loom
10:34 Feudal Age
11:13 Horse Collar
11:28 Double-Bit Axe
15:36 Scale Barding Armor
16:41 Wheelbarrow
19:32 Bloodlines
20:24 Forging
25:22 Castle Age
25:30 Light Cavalry
26:10 Husbandry
26:33 Chain Barding Armor
26:49 Iron Casting
GareBear330
11:53 Feudal Age
15:01 Double-Bit Axe
16:27 Fletching
18:45 Padded Archer Armor
23:27 Castle Age
23:19 Wheelbarrow
22:37 Horse Collar
22:48 Gold Mining
23:30 Crossbowman
24:06 Bodkin Arrow
25:14 Bow Saw
27:17 Ballistics
[TETU] tachou
4:23 Loom
10:00 Feudal Age
11:29 Double-Bit Axe
23:23 Castle Age
23:18 Bloodlines
23:58 Scale Barding Armor
Dani_AOE2
5:33 Loom
10:23 Feudal Age
11:35 Double-Bit Axe
27:53 Castle Age
[TMG] purple
6:26 Loom
11:02 Feudal Age
11:42 Double-Bit Axe
16:17 Forging
18:56 Fishing Lines
26:18 Castle Age
25:09 Bloodlines
25:09 Stone Mining
W
3:22 Loom
11:46 Feudal Age
12:20 Double-Bit Axe
13:15 Horse Collar
17:26 Scale Barding Armor
21:04 Bloodlines
26:05 Castle Age
26:05 Light Cavalry
27:07 Chain Barding Armor
Connection lost

Rejoining the realm…

Still unreachable

The connection could not be restored.

Session expired

The server has moved on; the page needs a fresh start.